 Dungeon Sprint DCSS version 0.28-a0-119-ga52ba8600a (webtiles) character file.

Game seed: 14361865177015196003

27 lagrange the Firebug (level 2, -2/15 HPs)
             Began as a Deep Elf Fire Elementalist on Aug 13, 2021.
             Slain by Crazy Yiuf (7 damage)
             ... in the Dungeon (Sprint III: "The Ten Rune Challenge").
             The game lasted 00:01:20 (234 turns).

lagrange the Firebug (Deep Elf Fire Elementalist)    Turns: 234, Time: 00:01:21

Health: -2/15      AC:  2    Str:  5    XL:     2   Next: 93%
Magic:  6/9        EV: 13    Int: 19    God:
Gold:   0          SH:  0    Dex: 15    Spells: 9/10 levels left

rFire   . . .      SeeInvis .   (no weapon)
rCold   . . .      Faith    .   (no shield)
rNeg    . . .      Spirit   .   a - +0 robe
rPois   .          Reflect  .   (no helmet)
rElec   .          Harm     .   (no cloak)
rCorr   .          Rampage  .   (no gloves)
Will    .....      NoTele   +   (no boots)
Stlth   ++........              (no amulet)
HPRegen 0.05/turn               (no ring)
MPRegen 0.11/turn               (no ring)

@: no status effects
A: no striking features
a: no special abilities


You were in the Dungeon.
You visited 1 branch

Inventory:

Armour
 a - a +0 robe (worn)
Wands
 i - a wand of flame (11)
Scrolls
 g - a scroll of blinking
Potions
 b - a potion of curing
 c - a potion of heal wounds
 d - a potion of haste
 e - 2 potions of magic
 f - a potion of berserk rage
 h - a potion of mutation {unknown}


   Skills:
 + Level 3.4 Dodging
 + Level 3.4 Stealth
 - Level 0.2 Unarmed Combat
 + Level 4.6 Spellcasting
 + Level 1.4 Conjurations
 + Level 5.6 Fire Magic


You had 9 spell levels left.
You knew the following spells:

 Your Spells              Type           Power      Damage    Failure   Level
a - Foxfire               Conj/Fire      68%        2x1d7     3%          1

Your spell library contained the following spells:

 Spells                   Type           Power      Damage    Failure   Level
 Conjure Flame            Conj/Fire      17%        6-21      9%          3
 Inner Flame              Hex/Fire       15%        N/A       12%         3
 Sticky Flame             Conj/Fire      17%        2d4       30%         4
 Fireball                 Conj/Fire      8%         3d6       63%         5


Dungeon Overview and Level Annotations

Branches:
Dungeon (1/1)

Altars:

Annotations:
D Crazy Yiuf


Message History

Your Stealth skill increases to level 3!
Your Spellcasting skill increases to level 4!
Your Fire Magic skill gained 2 levels and is now at level 5!
You have reached level 2!
Your foxfire dissipates!
i - a wand of flame (11)
Things that are here:
a +0 club; a +0 robe You start resting.
Magic restored.
Okay, then.
A human comes into view.
Crazy Yiuf the Enlightened comes into view.
He is wielding a +2 quarterstaff of chaos.
Crazy Yiuf shouts!
Casting: Foxfire (safe; 3% risk of failure)
Confirm with . or Enter, or press ? or * to list all spells.
You conjure some foxfire!
Your foxfire dissipates!
The foxfire hits Crazy Yiuf.
Crazy Yiuf is lightly wounded.
Casting: Foxfire (safe; 3% risk of failure)
Confirm with . or Enter, or press ? or * to list all spells.
You conjure some foxfire!
Crazy Yiuf hits you with a +2 quarterstaff of chaos!
Crazy Yiuf burns you.
The foxfire hits Crazy Yiuf.
Crazy Yiuf is heavily wounded.
The foxfire hits Crazy Yiuf but does no damage.
Crazy Yiuf is heavily wounded.
Casting: Foxfire (safe; 3% risk of failure)
Confirm with . or Enter, or press ? or * to list all spells.
You conjure some foxfire!
Your foxfire dissipates!
The foxfire hits Crazy Yiuf.
Crazy Yiuf is severely wounded.
Casting: Foxfire (safe; 3% risk of failure)
Confirm with . or Enter, or press ? or * to list all spells.
You conjure some foxfire!
Crazy Yiuf hits you with a +2 quarterstaff of chaos!
You die...

▓▓▓▓▓▓▓▓▓
▓<..#)..####
▓...#......##
▓..##....)..# .#
▓##.##.##...# .#
##.##.###.v# ..#
▓#.####.##@v# .p.+
▓.###..##.g##
#...# ▓#†....##..#
#....#
###..##...##.....#
##..##....#......#
#..###..##.#.....#
#..# #..#####....#
▓▓▓▓ ▓▓▓▓ ▓▓▓▓▓


You could see Crazy Yiuf (ally target).

Vanquished Creatures
  Jessica (D)
  2 rats (D)
3 creatures vanquished.

Vanquished Creatures (others)
  8 foxfires (D)
8 creatures vanquished.

Grand Total: 11 creatures vanquished

Notes
Turn   | Place    | Note
-------+----------+-------------------------------------------
     0 | D        | lagrange the Deep Elf Fire Elementalist began the quest for
                  | the Orb.
     0 | D        | Reached XP level 1. HP: 10/10 MP: 6/6
   162 | D        | Noticed Jessica
   167 | D        | Killed Jessica
   168 | D        | Reached skill level 5 in Fire Magic
   168 | D        | Reached XP level 2. HP: 15/15 MP: 4/9
   224 | D        | Noticed Crazy Yiuf
   234 | D        | Slain by Crazy Yiuf

Illustrated notes

Levels and vault maps discovered:
D:        dungeon_sprint_mu [sprint_mu_entry_cave, sprint_mu_temple_rooms,
          sprint_mu_d1_horrors, sprint_mu_d2_genie, sprint_mu_d3_branching,
          sprint_mu_orc_legion, sprint_mu_elf_gauntlet, sprint_mu_hive_nellie,
          sprint_mu_lair_fedhas, sprint_mu_vaults_butterflies,
          sprint_mu_slime_circle, sprint_mu_shoals_archi,
          sprint_mu_snake_twists, sprint_mu_blade_basic,
          sprint_mu_crypt_chambers, sprint_mu_tomb_spiral,
          sprint_mu_vestibule_basic, sprint_mu_gehenna_hellfire,
          sprint_mu_dis_giant, sprint_mu_tartarus_statrot,
          sprint_mu_cocytus_islands, sprint_mu_zot1]

Skill      XL: |  1 |
---------------+----+-----
Dodging        | 3 |  3.4
Stealth        | 3 |  3.4
Spellcasting   | 4 |  4.6
Fire Magic     | 5 |  5.6
Unarmed Combat | |  0.2
Conjurations   | |  1.4

Action                   || total
-------------------------++-------
Melee: Unarmed           ||    10
 Cast: Foxfire           ||     8
 Stab: Sleeping          ||     1
Armor: Robe              ||     3
Dodge: Dodged            ||    10

Table legend: (Time is in decaauts)
 A = Elapsed time spent in this place.
 B = Non-inter-level travel time spent in this place.
 C = Inter-level travel time spent in this place.
 D = Time resting spent in this place.
 E = Time spent auto-exploring this place.
 F = Levels seen in this place.
 G = Mean time per level.
                   A        B        C        D        E       F      G
               +--------+--------+--------+--------+--------+-----+--------+
         Total |    234 |    234 |      0 |    146 |      0 |   1 |  234.0 |
       Dungeon |    234 |    234 |      0 |    146 |      0 |   1 |  234.0 |
               +--------+--------+--------+--------+--------+-----+--------+

Top non-repeatable levels by time:
       D: 234 daAuts
